 Dungeon Crawl Stone Soup version 0.24.0-1-gfbc8707122 (webtiles) character file.

Game seed: 3641654382863197386, levelgen mode: deterministic

37 Nivan the Conjurer (level 3, -3/26 HPs)
             Began as a Draconian Conjurer on Oct 28, 2019.
             Killed by divine providence
             ... invoked by an orc priest
              (17 damage)
             ... on level 4 of the Dungeon.
             The game lasted 00:05:50 (1362 turns).

Nivan the Conjurer (Draconian Conjurer)             Turns: 1362, Time: 00:05:50

Health: -3/26      AC:  6    Str: 10    XL:     3   Next: 23%
Magic:  4/6        EV: 12    Int: 16    God:
Gold:   88         SH:  0    Dex: 11    Spells: 5/6 levels left

rFire    . . .     SeeInvis .   j - +0 short sword
rCold    . . .     Gourm    +   (no shield)
rNeg     . . .     Faith    .   (armour unavailable)
rPois    .         Spirit   .   (helmet restricted)
rElec    .         Reflect  .   (no cloak)
rCorr    .         Harm     .   (no gloves)
MR       .....     Rnd*Tele +   l - +0 pair of boots
Stlth    +++.......             a - amulet of the gourmand
HPRegen  0.08/turn              h - ring of teleportation (curse)
MPRegen  0.10/turn              k - ring of stealth

@: no status effects
A: unfitting armour, cold-blooded, AC +5
a: no special abilities


You were on level 4 of the Dungeon.
You were very full.

You visited 1 branch of the dungeon, and saw 3 of its levels.

You collected 88 gold pieces.

Inventory:

Hand Weapons
 c - a +0 dagger
 j - a +0 short sword (weapon)
Armour
 l - a +0 pair of boots (worn)
Jewellery
 a - an amulet of the gourmand (around neck)
 h - a cursed ring of teleportation (left hand)
 k - a ring of stealth (right hand)
Scrolls
 e - a scroll of random uselessness {unknown}
 f - a scroll of magic mapping {unknown}
 g - a scroll of remove curse {unknown}
 i - 2 scrolls of identify {unknown}
Potions
 d - a potion of lignification {unknown}
Comestibles
 b - 3 rations


   Skills:
 + Level 2.3 Dodging
 + Level 1.8 Stealth
 + Level 2.2 Spellcasting
 + Level 4.6 Conjurations


You had 5 spell levels left.
You knew the following spells:

 Your Spells              Type           Power        Failure   Level  Hunger
a - Magic Dart            Conj           ###.         3%          1    #......

Your spell library contained the following spells:

 Spells                   Type           Power        Failure   Level  Hunger
 Searing Ray              Conj           ###...       4%          2    ###....
 Dazzling Spray           Conj/Hex       #.....       24%         3    ###....
 Iskenderun's Mystic Bla  Conj           ###.....     30%         4    #####..
 Force Lance              Conj/Tloc      #.......     61%         4    #####..
 Fulminant Prism          Conj/Hex       #.........   61%         4    #####..


Dungeon Overview and Level Annotations

Branches:
Dungeon (2/15)

Altars:


Innate Abilities, Weirdness & Mutations

Your plain brown scales are hard. (AC +5)
You cannot fit into any form of body armour.
You are cold-blooded and may be slowed by cold attacks.


Message History

Aiming: Magic Dart (safe; 3% risk of failure)
Press: ? - help, Shift-Dir - straight line, f/p - orc
Aim: an orc, wielding a +0 whip and wearing a +0 leather armour (lightly wounded)
The magic dart hits the orc.
The orc is almost dead.
Casting: Magic Dart (safe; 3% risk of failure)
Confirm with . or Enter, or press ? or * to list all spells.
Aiming: Magic Dart (safe; 3% risk of failure)
Press: ? - help, Shift-Dir - straight line, f/p - orc
Aim: an orc, wielding a +0 whip and wearing a +0 leather armour (almost dead)
The magic dart hits the orc.
You kill the orc!
The orc priest casts a cantrip, but nothing happens.
The orc priest invokes the aid of Beogh against you.
Beogh smites you!
An orc comes into view. It is wielding a +0 flail.
The orc priest mumbles some strange prayers to Beogh against you.
Beogh smites you!
Ouch! That really hurt!
You die...

.. .# .. #.# ) ..# .#
.##.##.## # #.... ..
.###.## #.#<#.# .#
#.#...[.
#.#.#.##.####......
#o #...@.#...........
#o #.......#.# #...#
..####....#[..###...#
#..o......##.##.....#
#)#####.#.##......#.#
#. #.#.#######..#
#.#####o#.#######.##
#..o..o...........#
###################


You could see an orc priest and an orc wizard.

Vanquished Creatures
  An ooze (D:1)
  2 dart slugs
  A leopard gecko (D:1)
  An orc (D:4)
  2 bats (D:1)
  A giant cockroach (D:1)
  A hobgoblin (D:1)
  A quokka (D:2)
  3 frilled lizards (D:1)
  7 goblins
  5 kobolds
  2 rats (D:1)
27 creatures vanquished.

Notes
Turn   | Place    | Note
-------+----------+-------------------------------------------
     0 | D:1      | Nivan the Draconian Conjurer began the quest for the Orb.
     0 | D:1      | Reached XP level 1. HP: 14/14 MP: 3/3
   430 | D:1      | Reached XP level 2. HP: 20/20 MP: 1/5
  1028 | D:2      | Reached XP level 3. HP: 26/26 MP: 2/6
  1080 | D:2      | You fall into a shaft and drop 2 floors!
  1362 | D:4      | Killed from afar by an orc priest

Levels and vault maps discovered:
D:1:      minmay_arrival_five_plusses, layout_basic
D:2:      layout_loops_ring
D:4:      layout_loops_ring, dk_noncrumbling_4, uniq_grinder, uniq_edmund,
          uniq_crazy_yiuf_cottage

Skill      XL: |  1 |
---------------+----+-----
Dodging        | 2 |  2.3
Stealth        | |  1.8
Spellcasting   | |  2.2
Conjurations   | |  4.6

Action                   || total
-------------------------++-------
Melee: Unarmed           ||    15
       Tailslap          ||     1
       Dagger            ||     7
       Short sword       ||     4
 Cast: Magic Dart        ||    47
  Eat: Chunk             ||    14
Armor: Skin              ||    13
Dodge: Dodged            ||    23
